AoeStats
← AxD | Cad Bane

Oasis

509782470Analyzed
2v2 RM · 3d ago on Sep 28, 2026· 55m 8s· 4 players
Game mode
Random Map
Map size
Medium (4 player)
Population
200
Speed
Normal
Resources
Standard
Victory
Conquest
Starting age
Dark Age
Ending age
Imperial Age
RankedLock teamsTeams togetherTeam positionsShared explorationLock speedFull tech treeHidden civsTurbo modeCheats
Victory
Defeat
🇨🇱 Varangians · Chile
1586
+13
🇦🇷 Koreans · Argentina
1511
+16
🇺🇸 Saxons · United States
1595
-17
🇻🇪 Bengalis · Venezuela
1442
-12
AxD | Keiokenkun-Uno-Puro
6:41 Loom
10:12 Feudal Age
14:38 Double-Bit Axe
15:16 Horse Collar
20:15 Castle Age
18:19 Gold Mining
21:50 Bow Saw
31:07 Wheelbarrow
32:10 Town Watch
33:04 Squires
33:21 Heavy Plow
34:49 Gold Shaft Mining
35:10 Fortified Wall
35:04 Stone Mining
35:40 Scale Mail Armor
38:27 Imperial Age
36:19 Hand Cart
36:11 Scale Mail Armor
36:21 Forging
36:13 Fletching
37:38 Chain Mail Armor
39:39 Plate Mail Armor
38:46 Elite Fire Lancer
41:11 Chemistry
AxD | Cad Bane
8:13 Loom
11:19 Feudal Age
11:25 Man-at-Arms
18:05 Castle Age
16:51 Double-Bit Axe
16:47 Horse Collar
17:23 Stone Mining
20:21 Bow Saw
20:52 Wheelbarrow
20:50 Scale Barding Armor
26:45 Bloodlines
27:30 Chain Barding Armor
28:53 Husbandry
30:06 Forging
33:06 Imperial Age
31:26 Hand Cart
31:20 Heavy Plow
31:12 Gold Mining
31:48 Fortified Wall
31:30 Town Watch
33:26 Masonry
33:11 Elite Jarl
33:52 Fletching
34:02 Padded Archer Armor
34:38 Plate Barding Armor
34:39 Iron Casting
34:50 Capped Ram
36:32 Crop Rotation
36:22 Siege Ram
37:04 Scale Mail Armor
37:07 Squires
36:53 Gambesons
36:53 Arson
37:30 Conscription
37:20 Elite Skirmisher
39:02 Blast Furnace
37:25 Gothikon
37:30 Elite Varangian Guard
39:47 Chain Mail Armor
41:56 Plate Mail Armor
45:14 Two-Man Saw
48:05 Clinker Construction
47:50 Murder Holes
48:37 Bodkin Arrow
48:58 Leather Archer Armor
48:35 Pikeman
50:27 Bracer
52:32 Ring Archer Armor
51:33 Halberdier
54:41 Caravan
Chiro My Hero
7:24 Loom
9:41 Feudal Age
10:10 Double-Bit Axe
12:02 Horse Collar
16:08 Wheelbarrow
19:54 Castle Age
18:31 Fletching
19:08 Town Watch
20:00 Gold Mining
20:04 Stone Mining
20:45 Bow Saw
20:36 Heavy Plow
21:23 Hand Cart
26:07 Gold Mining
26:07 Stone Mining
30:48 Imperial Age
28:38 Scale Mail Armor
28:48 Forging
29:27 Caravan
30:02 Chain Mail Armor
29:57 Forging
30:00 Bodkin Arrow
30:29 Squires
30:15 Gambesons
30:15 Arson
31:18 Gold Shaft Mining
32:09 Iron Casting
32:11 Plate Mail Armor
32:30 Bracer
33:32 Chemistry
33:53 Conscription
32:54 Shield Wall
34:17 Guilds
34:26 Town Patrol
34:02 Elite Varangian Guard
35:15 Fortified Wall
34:47 Treadmill Crane
35:17 Masonry
39:05 Ballistics
38:56 Masonry
40:32 Onager
42:48 Murder Holes
Lord Gio
8:56 Loom
11:30 Feudal Age
17:10 Castle Age
15:58 Double-Bit Axe
18:55 Wheelbarrow
19:26 Fletching
19:41 Padded Archer Armor
20:40 Fletching
22:58 Leather Archer Armor
24:12 Forging
25:19 Bodkin Arrow
26:11 Ballistics
31:36 Hand Cart
35:04 Imperial Age
32:59 Paiks
34:16 Iron Casting
33:56 Bloodlines
33:47 Husbandry
37:51 Conscription
37:04 Elite Ratha (Ranged)
39:03 Chemistry
38:24 Bow Saw
37:55 Horse Collar
38:44 Bracer
40:05 Mahayana
41:33 Ring Archer Armor
42:43 Blast Furnace
42:35 Siege Engineers
42:40 Masonry
50:52 Caravan
54:18 Light Cavalry
55:09 Scale Barding Armor
Connection lost

Rejoining the realm…

Still unreachable

The connection could not be restored.

Session expired

The server has moved on; the page needs a fresh start.